 Dungeon Crawl Stone Soup version 0.31.0-11-ge490571c62 (webtiles) character file.

Game seed: 6431745762782354623

353 SmokeWeed the Ducker (level 6, 0/30 HPs)
             Began as a Spriggan Wanderer on Jan 28, 2024.
             Slain by a kobold brigand
             ... wielding a +0 dagger
              (8 damage)
             ... in a sewer.
             The game lasted 00:13:18 (3078 turns).

SmokeWeed the Ducker (Spriggan Wanderer)            Turns: 3078, Time: 00:13:18

Health: 0/30       AC:  3    Str:  4    XL:     6   Next: 35%
Magic:  1/10       EV: 19    Int: 17    God:
Gold:   157        SH:  0    Dex: 17    Spells: 5/10 levels left

rFire   . . .        f - +2 demon blade (drain)
rCold   . . .        h - orb {mayhem}
rNeg    . . .        c - +0 robe
rPois   .            (helmet restricted)
rElec   .            d - +0 cloak
rCorr   .            (gloves unavailable)
SInv    +            (boots unavailable)
Will    +....        (no amulet)
Stlth   ++           (no ring)
HPRegen 0.25/turn    (no ring)
MPRegen 0.12/turn

%: mayhem
@: very slightly contaminated, very quick
A: very small, no large weapons, unfitting armour, see invisible, speed 3
a: no special abilities


You were in a sewer.
You visited 1 branch of the dungeon, and saw 4 of its levels.
You also visited: Sewer.

You collected 157 gold pieces.

Inventory:

Hand Weapons
 a - a +0 dagger
 f - a +2 demon blade of draining (weapon)
Missiles
 i - 6 boomerangs
 j - 7 poisoned darts
Armour
 c - a +0 robe (worn)
 d - a +0 cloak (worn)
 h - an orb of mayhem (worn)
Scrolls
 b - a scroll of silence
 g - a scroll of identify
Potions
 e - a potion of berserk rage
 k - a potion of attraction
 m - a potion of haste
 n - a potion of brilliance


   Skills:
 + Level 1.4 Fighting
 + Level 0.1(2.2) Short Blades
 - Level 2.8 Long Blades
 + Level 1.0 Throwing
 * Level 4.8 Dodging
 + Level 3.2 Stealth
 + Level 2.5 Spellcasting
 + Level 1.0 Conjurations
 + Level 1.9 Ice Magic
 + Level 3.0 Air Magic


You had 5 spell levels left.
You knew the following spells:

 Your Spells              Type           Power      Damage    Failure   Level
a - Freeze                Ice            32%        1d5       9%          1
b - Shock                 Conj/Air       36%        1d5       9%          1
c - Mephitic Cloud        Conj/Alch/Air  6%         N/A       30%         3

Your spell library contained the following spells:

 Spells                   Type           Power      Damage    Failure   Level
 Static Discharge         Conj/Air       18%        3-4/arc   12%         2
 Ozocubu's Armour         Ice            8%         N/A       26%         3
 Sublimation of Blood     Necr           2%         N/A       28%         2
 Petrify                  Alch/Erth      2%         N/A       87%         4
 Irradiate                Conj/Alch      2%         3d12      99%         5


Dungeon Overview and Level Annotations

Branches:
Dungeon (4/15)              Sewer (1/1)
 Temple: D:4-7

Altars:
Cheibriados
Dithmenos
The Shining One

Annotations:
D:4 Blork the orc


Innate Abilities, Weirdness & Mutations

You are very small and have problems with some larger weapons.
You are too small for most types of armour.
You have supernaturally acute eyesight. (SInv)
You cover ground extremely quickly. (Speed+++)


Message History

The kobold brigand shouts!
Aiming: Shock (safe; 9% risk of failure)
Press: ? - help, Q - select action, (/) - cycle Shift-Dir - straight line, f/p - kobold brigand
Aim: a kobold brigand, wielding a +0 dagger and quivering curare-tipped darts (lightly wounded, fast, strong, frenzied and wild, 60% to hit)
The zap hits the kobold brigand.
The kobold brigand is moderately wounded.
Press: ? - help, v - describe, . - travel
Here: a kobold brigand, wielding a +0 dagger and quivering curare-tipped darts (moderately wounded, fast, strong, frenzied and wild)
The floor.
The kobold brigand shouts!
Okay, then.
Okay, then.
The kobold brigand shouts!
Casting: Shock (safe; 9% risk of failure)
Confirm with . or Enter, or press ? or * to list all spells.
You don't know that spell.
Casting: Shock (safe; 9% risk of failure)
Confirm with . or Enter, or press ? or * to list all spells.
Aiming: Mephitic Cloud (quite dangerous; 30% risk of failure)
Press: ? - help, Shift-Dir - straight line, p - kobold brigand You miscast Mephitic Cloud.
You are very lightly contaminated with residual magic.
Nothing appears to happen.
The kobold brigand shouts!
You closely miss the kobold brigand.
The kobold brigand is moderately wounded.
The kobold brigand hits you with a +0 dagger!
The kobold brigand barely misses you.
You hit the kobold brigand.
The kobold brigand is heavily wounded.
The kobold brigand hits you with a +0 dagger!
* * * LOW HITPOINT WARNING * * *
You hit the kobold brigand but do no damage.
You drain the kobold brigand.
The kobold brigand is heavily wounded.
The kobold brigand barely misses you. x2
You hit the kobold brigand.
The kobold brigand is almost dead.
The kobold brigand hits you with a +0 dagger!
You die...

### #### #.####..####
...........## ............##
##########
.............####.....##.#
...............K@........###
.P.........................# #
~.......~.P.............P..+ #
~~~~...†P~~~..P...P†.~~P~..+ #
~P~P..P~~P~~P........~~~~P.# #
~#######~#~############~~########
~~~~~~~~~~~~~~~~ ~~~~~~~~~~~~~~~~
≈≈≈~≈≈≈≈≈~≈≈≈≈≈~ ≈≈≈≈~≈≈≈≈≈~≈≈≈≈≈
~~~~~~~~~~~~~~~~ ~~~~~~~~~~~~~~~~


You could see a neutral kobold brigand (fast, strong, frenzied, drained).

Vanquished Creatures
  2 kobold brigands (D:3)
  A brain worm (Sewer)
  A river rat (D:4)
  5 adders
  A ribbon worm (D:2)
  A dart slug (D:3)
  7 ball pythons
  2 bats
  12 endoplasms
  5 giant cockroaches
  5 goblins
  10 hobgoblins
  2 jackals (D:4)
  2 quokkas
  9 frilled lizards
  9 kobolds
  7 rats
81 creatures vanquished.

Vanquished Creatures (collateral kills)
  A hobgoblin (D:3)
  2 jackals (D:4)
  3 kobolds
  A rat (D:2)
7 creatures vanquished.

Vanquished Creatures (others)
  A kobold (D:3)
1 creature vanquished.

Grand Total: 89 creatures vanquished

Notes
Turn   | Place    | Note
-------+----------+-------------------------------------------
     0 | D:1      | SmokeWeed the Spriggan Wanderer began the quest for the
                  | Orb.
     0 | D:1      | SmokeWeed set off with the following items: a +0 dagger, a
                  | scroll of silence, a +0 robe, a +0 cloak; and the following
                  | spells available to memorise: Freeze, Shock, Static
                  | Discharge, Ozocubu's Armour, Mephitic Cloud.
     0 | D:1      | Reached XP level 1. HP: 9/9 MP: 3/3
     2 | D:1      | Learned a level 1 spell: Freeze
   124 | D:1      | Found a faded altar of an unknown god.
   849 | D:1      | Reached XP level 2. HP: 13/13 MP: 5/5
  1056 | D:2      | Learned a level 1 spell: Shock
  1073 | D:2      | Reached skill level 3 in Dodging
  1244 | D:2      | Reached XP level 3. HP: 17/17 MP: 6/6
  1246 | D:2      | Reached skill level 1 in Long Blades
  1657 | D:3      | Noticed a kobold brigand
  1661 | D:3      | Noticed a kobold brigand
  1665 | D:3      | Killed a kobold brigand
  1666 | D:3      | Reached XP level 4. HP: 21/21 MP: 1/8
  1685 | D:3      | Killed a kobold brigand
  1686 | D:3      | Reached skill level 4 in Dodging
  1686 | D:3      | Reached XP level 5. HP: 9/25 MP: 0/9
  1758 | D:3      | Learned a level 3 spell: Mephitic Cloud
  2148 | D:3      | Found a snail-covered altar of Cheibriados.
  2602 | D:4      | Reached skill level 1 in Fighting
  2663 | D:4      | Found a shadowy altar of Dithmenos.
  2663 | D:4      | Found a glowing golden altar of the Shining One.
  2664 | D:4      | Noticed Blork the orc
  2832 | D:4      | Reached XP level 6. HP: 30/30 MP: 7/10
  2858 | D:4      | Found a glowing drain.
  2867 | Sewer    | Entered a sewer
  2952 | Sewer    | Reached skill level 1 in Conjurations
  3078 | Sewer    | Slain by a kobold brigand

Illustrated notes

Levels and vault maps discovered:
D:1:      minmay_arrival_cross, layout_basic, hellmonk_ecumenical_altar_zigzags,
          serial_bayou_lake_a
D:2:      layout_rooms, mrwooster_statue_mirror, kennysheep_generic_room_14
D:3:      cheibrodos_thug_alley, layout_loops_ring,
          mainiacjoe_overflow_cross_hatched
D:4:      minmay_evil_eye, layout_loops_cross,
          chequers_temple_overflow_statue_of_worship, portal_sewer_entry_e,
          uniq_blork_the_orc, uniq_menkaure
Sewer:    kennysheep_pipe_town

Skill      XL: |  1  2  3  4  5  6 |
---------------+-------------------+-----
Dodging        | 3 4 |  4.8
Long Blades    | 2 |  2.8
Stealth        | 2 3 |  3.2
Spellcasting   | 2 |  2.5
Fighting       | 1 |  1.4
Conjurations   | 1 |  1.0
Air Magic      | 3 |  3.0
Short Blades   | |  0.1
Throwing       | |  1.0
Ice Magic      | |  1.9

Action                     |  1- 3 |  4- 6 || total
---------------------------+-------+-------++-------
  Melee: Dagger            |     8 |       ||     8
         Demon blade       |    69 |    80 ||   149
   Cast: Freeze            |     9 |       ||     9
         Shock             |    17 |    30 ||    47
    Use: Scroll            |     4 |     4 ||     8
   Stab: Sleeping          |     8 |     2 ||    10
 Armour: Robe              |    22 |    23 ||    45
  Dodge: Dodged            |    64 |    71 ||   135
